AoeStats
← wdimateo

Lombardia

509766534Analyzed
2v2 RM · 4d ago on Sep 27, 2026· 26m 21s· 4 players
Game mode
Random Map
Map size
Medium (4 player)
Population
200
Speed
Normal
Resources
Standard
Victory
Conquest
Starting age
Dark Age
Ending age
Imperial Age
RankedLock teamsTeams togetherTeam positionsShared explorationLock speedFull tech treeHidden civsTurbo modeCheats
Victory
Defeat
🇺🇸 Spanish · United States
1104
+15
🇺🇸 Sicilians · United States
1088
+15
🇧🇷 Varangians · Brazil
1077
-15
🇧🇷 Magyars · Brazil
1077
-15
mano
10:11 Loom
12:26 Feudal Age
15:05 Double-Bit Axe
15:00 Horse Collar
17:54 Castle Age
17:48 Stone Mining
18:48 Gold Mining
19:53 Scale Barding Armor
24:00 Bloodlines
25:38 Heavy Plow
26:49 Husbandry
wdimateo
7:54 Loom
10:12 Feudal Age
14:27 Padded Archer Armor
15:12 Fletching
17:52 Gold Mining
21:57 Castle Age
22:57 Elite Skirmisher
monster_
8:22 Loom
8:36 Loom
10:56 Feudal Age
14:56 Castle Age
13:27 Double-Bit Axe
13:50 Horse Collar
23:54 Padded Archer Armor
27:08 Leather Archer Armor
Fochstifer
6:29 Loom
9:20 Feudal Age
14:51 Scale Mail Armor
19:33 Horse Collar
23:05 Wheelbarrow
24:00 Arson
Connection lost

Rejoining the realm…

Still unreachable

The connection could not be restored.

Session expired

The server has moved on; the page needs a fresh start.